[Event "101st Irish Championship 2022"]
[Site "Dublin"]
[Date "2022.07.05"]
[Round "3.6"]
[White "Venkatesan, Kavin"]
[Black "Fox, Anthony"]
[Result "1/2-1/2"]
[ECO "C00"]
[WhiteElo "2076"]
[BlackElo "1945"]
[Annotator "TA"]
[PlyCount "73"]
[EventDate "2022.07.05"]
[EventType "swiss"]
[EventCountry "IRL"]
[SourceTitle "playchess.com"]
[Source "ChessBase"]
[SourceQuality "1"]
[TimeControl "40/6300+30:1800+30"]

1. c4 e6 2. e4 d5 3. cxd5 exd5 4. exd5 Nf6 5. Bb5+ Nbd7 6. Nc3 Be7 {[%emt 0:00:11] The position is equal.} 7. d4 {[%emt 0:03:23] C00: French: Unusual White 2nd moves.} O-O 8. Nf3 Nb6 9. O-O Nbxd5 10. Bc4 c6 11. Ne5 {[%emt 0:14:13] [#]} Be6 $146 ({Predecessor:} 11... Qa5 12. Bb3 Be6 13. Bg5 Rad8 14. Qf3 Nc7 15. Ne4 Nxe4 16. Bxe7 Nd2 17. Qf4 Nxf1 18. Bxd8 Bxb3 19. Bxc7 Qxc7 20. axb3 {½-½ (51) Seleljo,D (2344)-Hlavacek,R (2188) Czech Republic 2000}) 12. Bg5 Nxc3 13. bxc3 Bxc4 14. Nxc4 Nd5 15. Bxe7 Qxe7 16. Qd2 Rfe8 17. Rfe1 Qc7 18. g3 Rad8 19. Rxe8+ Rxe8 20. Re1 Rxe1+ 21. Qxe1 $11 {[%emt 0:00:05][%cal Re1e8][%mdl 4096] [#] Endgame KQN-KQN} Qe7 {[%emt 0:01:29] Prevents Qe8+.} 22. Qd2 h6 23. Ne3 Qe6 24. Nxd5 cxd5 {[%emt 0:00:57] KQ-KQ} 25. Qb2 b6 26. Qb5 Qe1+ 27. Kg2 Qe4+ 28. Kf1 Kh7 29. a4 f5 30. a5 bxa5 31. Qxa5 Qd3+ 32. Kg1 Qb1+ 33. Kg2 Qe4+ 34. Kf1 Qd3+ 35. Kg1 Qb1+ 36. Kg2 Qe4+ 37. Kf1 {[%emt 0:00:23] An even fight not without its subleties.  Weighted Error Value: White=0.02 (flawless) /Black=0.01 (flawless)} 1/2-1/2

[Event "101st Irish Championship 2022"]
[Site "Dublin"]
[Date "2022.07.05"]
[Round "3.7"]
[White "Ivanov, Andrey A."]
[Black "Mats, Diana"]
[Result "0-1"]
[ECO "C02"]
[WhiteElo "2180"]
[BlackElo "2028"]
[Annotator "TA"]
[PlyCount "118"]
[EventDate "2022.07.05"]
[EventType "swiss"]
[EventCountry "IRL"]
[SourceTitle "playchess.com"]
[Source "ChessBase"]
[SourceQuality "1"]
[TimeControl "40/6300+30:1800+30"]

1. e4 e6 2. d4 d5 3. e5 c5 4. c3 Nc6 5. Nf3 Qb6 6. a3 c4 7. g3 Na5 8. Nbd2 Bd7 9. Bg2 h6 10. O-O Ne7 11. Ne1 {[%emt 0:08:13] C02: French: Advance Variation.} Nf5 12. Qe2 O-O-O 13. Nc2 {[%emt 0:01:13] [#] The position is equal.} f6 $146 ({Predecessor:} 13... Be7 14. Ne3 Ba4 15. Re1 Nxe3 16. fxe3 Nb3 17. Nxb3 Qxb3 18. e4 Bc6 19. Rf1 Rhf8 20. exd5 Bxd5 21. Bxd5 Rxd5 {1-0 (36) Champagne,D-Smith,M USA 1982}) 14. Ne3 (14. Nf3 $11) 14... Nxe3 $17 {[%emt 0:02:24] Black is more active.} 15. Qxe3 {[%emt 0:00:27] [#]} f5 $1 16. f4 g5 17. fxg5 (17. Bf3 $17) 17... hxg5 $19 18. Qxg5 Bh6 19. Qe7 Nc6 20. Qc5 Qxc5 21. dxc5 Be3+ 22. Kh1 Nxe5 {[%emt 0:00:28][%cal Oh8h2] [#] ( -> ...Rxh2+!)} 23. Nf3 Nxf3 24. Bxf3 Bxc5 25. Bf4 Ba4 26. Rfe1 Kd7 27. Re2 Bd6 28. Bxd6 Kxd6 29. Rae1 Rh6 30. Kg2 Rdh8 31. h4 Rg8 32. h5 Be8 {[%emt 0:03:57] aiming for ...f4.} 33. Re5 Bf7 {[%emt 0:01:39] ...f4 is the strong threat.} (33... Bxh5 34. Bxh5 Rxh5 35. Rxe6+ Kc5 36. Rf6 $17) 34. Kf2 Rf6 {[%emt 0:04:57] Threatens to win with ...Rh8.} ({Not} 34... Bxh5 35. Bxh5 Rxh5 36. Rxe6+ Kc5 37. R1e2 $17) 35. Kg2 $2 (35. R5e2 {only move.}) 35... Rg5 36. g4 $2 (36. R1e2) 36... Bxh5 $1 37. a4 Bxg4 38. Bxg4 Rxg4+ {[%emt 0:00:05][%mdl 4096] Endgame KRR-KRR} 39. Kf3 Rfg6 40. a5 Rg3+ 41. Kf2 Rg2+ 42. Kf3 Rxb2 43. a6 bxa6 44. R5e2 Rxe2 45. Rxe2 {[%emt 0:00:13] KR-KR} Rg1 {[%emt 0:02:40] Hoping for ...Rc1.} 46. Ra2 Rc1 47. Rxa6+ Ke5 48. Rxa7 Rxc3+ {[%emt 0:00:04] Black mates.} 49. Ke2 f4 50. Rh7 Ke4 51. Kd2 Rd3+ 52. Ke2 e5 53. Rh5 f3+ 54. Ke1 Kd4 55. Rh2 e4 56. Ra2 e3 57. Ra1 Ke4 58. Ra8 f2+ 59. Ke2 Rd2+ {[%emt 0:00:06] Black took control after the opening.  Weighted Error Value: White=0.72/Black=0.04 (flawless)} 0-1

[Event "101st Irish Championship 2022"]
[Site "Dublin"]
[Date "2022.07.05"]
[Round "3.8"]
[White "Melaugh, Gavin"]
[Black "Keenan, Cathal"]
[Result "0-1"]
[ECO "E73"]
[WhiteElo "2020"]
[BlackElo "1811"]
[Annotator "TA"]
[PlyCount "58"]
[EventDate "2022.07.05"]
[EventType "swiss"]
[EventCountry "IRL"]
[SourceTitle "playchess.com"]
[Source "ChessBase"]
[SourceQuality "1"]
[TimeControl "40/6300+30:1800+30"]

1. c4 Nf6 2. Nc3 g6 3. d4 Bg7 4. e4 d6 5. Be2 O-O 6. Be3 e5 7. d5 Na6 8. g4 {[%emt 0:00:19] E73: King's Indian: Averbakh Variation without 6...c5.} Nc5 9. f3 a5 {[%emt 0:00:48] 9...h5 gains popularity.} 10. Qd2 {[%emt 0:01:35] White is slightly better.} a4 11. h4 h5 12. Bg5 {[%emt 0:00:55] [#]} (12. g5 $5 ) 12... Qe8 $146 ({Predecessor:} 12... hxg4 13. h5 gxh5 14. Rxh5 Nxh5 15. Bxd8 Rxd8 16. Qg5 Nf6 17. O-O-O Bd7 18. Kc2 Kf8 {½-½ (38) Araoun,S (2030)-Benhadi,A (2110) Tipaza 2019}) 13. O-O-O hxg4 {[%emt 0:02:44] ...Nh5 is the strong threat.} 14. Bxf6 Bxf6 15. fxg4 Qe7 16. Kb1 (16. g5 $16 Bg7 17. h5) 16... Bg7 $11 17. h5 f5 18. Nf3 (18. hxg6 fxg4 19. Bd3 (19. Rh7 $2 Rf4 $19) 19... Qf6 $17) ({Better is} 18. gxf5 $16 gxf5 19. Qe3 (19. h6 Bf6 $11)) 18... fxe4 (18... Nxe4 19. Nxe4 fxe4 20. Nh4 $16) (18... fxg4 $11 19. Nh4 Rf4 20. Nxg6 Qg5) 19. Nh4 $1 $16 Rf4 (19... gxh5 $2 20. Ng6 Qf6 21. Nxf8 Bxf8 22. Rdf1 $18 (22. gxh5 Bf5 $11) (22. Rxh5 Bd7 $18)) 20. Nxg6 Qf6 (20... Qg5 $16) 21. g5 (21. Nxf4 exf4 22. Rdf1 Bh6 $16) 21... Qf7 22. Nxf4 $4 (22. Nh4 $18 {and all is fine.}) 22... exf4 $19 23. g6 Qf8 (23... Qf6 $1 $19 {is more deadly.} 24. a3 e3) 24. h6 $17 Bxh6 {[%emt 0:01:13] Hoping for ...e3.} 25. g7 (25. Qd4 $2 Bg7 26. Qf2 f3 $19) (25. a3 $17) 25... Qf6 $1 $19 {[%emt 0:06:30][%mdl 1024] aiming for ...e3. Black has strong compensation. The board is on fire.} ({Don't play} 25... Bxg7 26. Rh5 (26. Rdg1 e3 $17) 26... f3 27. Rg1 $1 fxe2 28. Nxe2 $16) 26. Rdf1 $2 {[%emt 0:12:51] [#]} ({Avoid the trap} 26. Rdg1 $2 e3 27. Ne4 (27. Qc2 $2 Bf5 $19) 27... Nxe4 $19) (26. a3) 26... Bf5 $2 ({Black should try} 26... e3 $1 $19 27. Ne4 Nxe4) 27. Qe1 (27. Rxf4 $15 e3+ 28. Rxf5 Qxf5+ 29. Qc2 Qxc2+ 30. Kxc2 Kxg7 31. Nb5) 27... e3+ {[%emt 0:02:16] Black mates.} 28. Kc1 {[%emt 0:00:00] [#]} Nb3+ $1 29. axb3 axb3 {[%emt 0:00:06] Weighted Error Value: White=1.03/Black=0.44} 0-1

[Event "101st Irish Championship 2022"]
[Site "Dublin"]
[Date "2022.07.05"]
[Round "3.9"]
[White "Cafolla, Peter"]
[Black "Doyle, Anthony"]
[Result "1/2-1/2"]
[ECO "C96"]
[WhiteElo "1937"]
[BlackElo "2116"]
[Annotator "TA"]
[PlyCount "56"]
[EventDate "2022.07.05"]
[EventType "swiss"]
[EventCountry "IRL"]
[SourceTitle "playchess.com"]
[Source "ChessBase"]
[SourceQuality "1"]
[TimeControl "40/6300+30:1800+30"]

1. e4 e5 2. Nf3 Nc6 3. Bb5 a6 4. Ba4 Nf6 5. O-O Be7 6. Re1 b5 7. Bb3 d6 8. a4 Rb8 9. c3 O-O 10. h3 Na5 11. Bc2 c5 12. axb5 {[%emt 0:02:20] C96: Closed Ruy Lopez: Chigorin Defence: 11 d4, replies other than 11...Qc7.} axb5 13. d4 cxd4 14. cxd4 {[%emt 0:00:08] White has an edge.} Qc7 {[%emt 0:00:59] [#]} 15. Nbd2 $146 ({Predecessor:} 15. dxe5 dxe5 16. Nxe5 Qxe5 17. Rxa5 Bb4 18. Ra1 Bxe1 19. Qxe1 Bb7 20. Nd2 Rfe8 21. Ra3 {½-½ (27) Seres,L (2400)-Felegyhazi,L (2282) Balatonlelle 2006}) 15... exd4 16. Nxd4 Nc6 17. N2f3 Nxd4 18. Nxd4 g6 (18... Nd7 $142) 19. Bg5 Kg7 (19... Bb7 $16) 20. Ra3 Bd7 21. Qd2 Ng8 22. Bxe7 Nxe7 23. b4 {[%emt 0:03:47] 0x0.0019e972f7b4dp-1022s more active pieces.} Ra8 24. Rea1 (24. Rc3 $18 Qb7 25. Nf5+ $1 gxf5 26. Qxd6) 24... Rxa3 $16 25. Rxa3 Rc8 26. Bd3 (26. Rf3 $16 {Black must now prevent Qf4.} Qc4 {[#]} 27. Qf4 $1 Qxd4 28. Qxf7+ Kh6 29. Qxe7) 26... Qc1+ {[%emt 0:07:00] The position is equal.} 27. Qxc1 Rxc1+ 28. Kh2 Rd1 {[%emt 0:00:54] Weighted Error Value: White=0.32/Black=0.27 (precise)} 1/2-1/2

[Event "101st Irish Championship 2022"]
[Site "Dublin"]
[Date "2022.07.05"]
[Round "3.10"]
[White "O`cuilleanain, Oisin"]
[Black "Kennedy, John"]
[Result "1-0"]
[ECO "D30"]
[WhiteElo "1936"]
[BlackElo "2047"]
[Annotator "TA"]
[PlyCount "69"]
[EventDate "2022.07.05"]
[EventType "swiss"]
[EventCountry "IRL"]
[SourceTitle "playchess.com"]
[Source "ChessBase"]
[SourceQuality "1"]
[TimeControl "40/6300+30:1800+30"]

1. d4 d5 2. c4 e6 3. Nf3 c5 4. cxd5 exd5 5. Bg5 Be7 6. Bxe7 Nxe7 7. dxc5 Qa5+ 8. Nc3 Nbc6 9. e3 Qxc5 10. Be2 O-O 11. O-O Be6 12. Rc1 {[%emt 0:00:00] D30: Queen's Gambit Declined: Systems without Nc3.} Rad8 {[%emt 0:09:03] [#]} 13. Qd2 $146 (13. Na4 $14 Qd6 14. Nc5) ({Predecessor:} 13. Na4 Qd6 14. Nc5 Bc8 15. Qa4 Qf6 16. b4 Bg4 17. a3 b6 18. Nb3 Qb2 19. b5 Qxe2 20. bxc6 Bxf3 {1-0 (50) Teske,H (2523)-Udeshi,A (2281) Sort 2009}) 13... Qa5 (13... d4 $5 14. Nb5 Qb6 $11) 14. Rfd1 {[%emt 0:00:00] White is slightly better.} Nf5 15. Nb5 {[%emt 0:00:00] Against d4} Qb6 16. Nfd4 a6 17. Nxc6 bxc6 18. Nd4 c5 19. Nxf5 Bxf5 20. Qc3 $36 {[%emt 0:00:00][%mdl 2048] White is pushing.} h6 ({Black should play} 20... c4 $14) 21. b3 $16 d4 (21... c4 $16) 22. Qxc5 $18 Qg6 (22... Qxc5 $142 23. Rxc5 d3) 23. Rxd4 Rc8 24. Qa3 Be4 {[%emt 0:00:20][%csl Ge4][%cal Rg6g2] [#]} 25. Bf1 Bb7 26. Rxc8 Rxc8 27. Qb4 Ba8 28. Qd2 {[%emt 0:00:00] [#] And now Rd8+ would win.} Kh7 29. Rd6 Qg5 (29... Qb1 {was called for.} 30. Qd3+ Be4 31. Qxb1 (31. Qxa6 Rc2 $11) 31... Bxb1) 30. f4 Qg4 31. Qe2 Qh4 (31... Qf5 32. Qxa6 Be4) 32. Qd3+ g6 (32... Kg8 $142 33. Qxa6 Re8) 33. f5 Be4 (33... Qe4 $142 34. fxg6+ Kg7 35. gxf7 Qxd3 36. Bxd3 a5) 34. fxg6+ fxg6 35. Rd7+ {[%emt 0:00:00] Weighted Error Value: White=0.29 (precise) /Black=0.79} 1-0

[Event "101st Irish Championship 2022"]
[Site "Dublin"]
[Date "2022.07.05"]
[Round "3.11"]
[White "O`Gorman, Alice"]
[Black "Goss, Alex"]
[Result "0-1"]
[ECO "A19"]
[WhiteElo "2043"]
[BlackElo "1859"]
[Annotator "TA"]
[PlyCount "54"]
[EventDate "2022.07.05"]
[EventType "swiss"]
[EventCountry "IRL"]
[SourceTitle "playchess.com"]
[Source "ChessBase"]
[SourceQuality "1"]
[TimeControl "40/6300+30:1800+30"]

1. c4 e6 2. Nc3 c5 3. e4 Nc6 4. g3 Nf6 5. Bg2 d5 6. exd5 {[%emt 0:00:50] A19: English Opening: Flohr-Mikenas System with 3...c5.} exd5 7. cxd5 Nb4 8. d3 {[%emt 0:00:36][%cal Bd2d3,Bd3d4][%mdl 32] The position is equal.} Nbxd5 9. Nge2 Be7 10. O-O O-O 11. d4 {[%emt 0:04:16] [#]} Be6 $146 ({Predecessor:} 11... Nxc3 12. bxc3 Qc7 13. Bf4 Bd6 14. Bg5 Be7 15. Qb3 Rb8 16. Rac1 b6 17. Rfd1 Bb7 {½-½ (42) Lavrinovitsh,D (2078)-Klevets,K (1834) St Petersburg 2018}) 12. Nxd5 Bxd5 (12... Nxd5 {seems wilder.} 13. Nf4 Nxf4 14. Bxf4 Qxd4 15. Bxb7 Rad8) 13. f3 (13. dxc5 $11 Bxg2 14. Kxg2) 13... Rc8 (13... cxd4 $17 {And now ...Re8 would win.} 14. Qd3 Re8 15. Nxd4 Bc5) 14. Kh1 (14. Be3 $15) 14... Qb6 $17 15. Re1 cxd4 {[%emt 0:04:58] Black is more active.} 16. Qxd4 {[%emt 0:06:39] [#]} (16. Nxd4 $17 Bc5 17. Nb3) 16... Bc5 $1 $19 17. Qa4 Bc6 18. Qh4 Bf2 19. Rd1 Rfd8 20. Bg5 Rxd1+ 21. Rxd1 Qxb2 $40 {[%emt 0:00:10][%mdl 128] Black has strong attack.} 22. Bxf6 $2 {[%emt 0:03:43] [#]} (22. Qc4) 22... Qxe2 23. Rg1 Bxf3 ({Stronger than} 23... Bxg1 24. Qg4 Kf8 25. Bxg7+ Ke7 26. Qxc8 $11) 24. Qh3 Rc6 (24... Bg4 $142 25. Qh4 Be3) 25. Bg5 Bxg1 26. Kxg1 Qxg2+ (26... Qd1+ $142 27. Kf2 Rc2+ 28. Bd2 Rxd2+ 29. Ke3 Qe2+ 30. Kf4 Qe4+ 31. Kg5 f6#) 27. Qxg2 Bxg2 {[%emt 0:00:05] Weighted Error Value: White=1.16/Black=0.74} 0-1

[Event "101st Irish Championship 2022"]
[Site "Dublin"]
[Date "2022.07.05"]
[Round "3.12"]
[White "Keogh, Eamon"]
[Black "Liu, Jason"]
[Result "1/2-1/2"]
[ECO "C02"]
[WhiteElo "1931"]
[BlackElo "1746"]
[Annotator "TA"]
[PlyCount "72"]
[EventDate "2022.07.05"]
[EventType "swiss"]
[EventCountry "IRL"]
[SourceTitle "playchess.com"]
[Source "ChessBase"]
[SourceQuality "1"]
[TimeControl "40/6300+30:1800+30"]

1. e4 e6 2. d4 d5 3. e5 c5 4. c3 Nc6 5. Nf3 Bd7 6. Be2 Qb6 7. O-O Nge7 8. a4 {[%emt 0:00:40] [#] C02: French: Advance Variation.} (8. dxc5 $14 Qxc5 9. Be3) 8... cxd4 $146 ({Predecessor:} 8... Ng6 9. h3 Be7 10. Na3 O-O 11. Rb1 cxd4 12. cxd4 Bxa3 13. bxa3 Qxb1 14. Bd3 Qb6 15. Be3 Rac8 16. Qd2 h6 17. Bxh6 gxh6 18. Qxh6 Nce7 19. Ng5 Rfd8 20. Qh7+ Kf8 21. Qxf7# {1-0 (21) Ulker,C-Hiranandani,J Al Ain 2013}) 9. a5 Nxa5 {[%emt 0:32:27] ...Nb3 is the strong threat.} 10. Nxd4 {[%emt 0:00:27] Black is slightly better.} Nec6 11. Be3 (11. Nf3 $11 {remains equal.}) 11... Nxd4 ({Much weaker is} 11... Nxe5 12. Nxe6 Qxe6 13. Rxa5 $11) (11... Qxb2 {is interesting.} 12. Nd2 a6 13. Qb1 Qxb1 14. Rfxb1 Bc8) 12. Bxd4 Qd8 (12... Qc7 $1 $15) 13. Na3 (13. f4 $11) 13... Nc6 14. f4 (14. c4 $1 $11 {feels stronger.}) 14... Be7 15. Nc2 (15. Bf2 $15) 15... Nxd4 $17 16. Nxd4 O-O 17. Kh1 Bc5 18. Bd3 Bxd4 19. cxd4 Qb6 20. f5 (20. Rf3 $142 g6 21. Bf1) 20... exf5 (20... Qxd4 $2 21. fxe6 Qxe5 22. exd7 $18) ({Don't do} 20... Qxb2 21. Rb1 Qc3 22. f6 $18) 21. Bxf5 Bxf5 22. Rxf5 Qe6 (22... Qxb2 $19 {And now ...Qb6 would win.} 23. Rb1 Qc3 24. Rxb7 Qc8) 23. Qd3 f6 24. Raf1 ({Much worse is} 24. Rh5 g6 25. Qh3 Qe7 $17) (24. h3 $15) 24... fxe5 25. dxe5 {[%emt 0:02:15] [#]} (25. Rxe5 $17 Qg6 26. Ref5) 25... Rxf5 $1 $19 26. Rxf5 Rf8 (26... a6 $19 27. h3 Rd8) 27. Rxf8+ $15 Kxf8 {[%emt 0:00:03][%mdl 4096] Endgame KQ-KQ} 28. Qd4 b6 29. h3 Kg8 30. b4 Qc6 31. Qg4 h6 32. e6 {[%emt 0:00:08] [#]} Qd6 (32... Qc1+ $1 $17 33. Kh2 g5) 33. Qf5 $11 {[%emt 0:00:13] White threatens Qf7+ and mate. The position is equal.} Qe7 {[%emt 0:00:27] Inhibits Qf7+.} 34. Qxd5 a5 35. bxa5 bxa5 36. Qxa5 Kf8 {[%emt 0:04:54] Weighted Error Value: White=0.33/Black=0.24 (precise)} (36... Qxe6 $11 37. Qc5 g5) 1/2-1/2

[Event "101st Irish Championship 2022"]
[Site "Dublin"]
[Date "2022.07.05"]
[Round "4.1"]
[White "Li, Henry"]
[Black "Kanyamarala, Tarun"]
[Result "0-1"]
[ECO "B23"]
[WhiteElo "2319"]
[BlackElo "2379"]
[Annotator "TA"]
[PlyCount "56"]
[EventDate "2022.07.05"]
[EventType "swiss"]
[EventCountry "IRL"]
[SourceTitle "playchess.com"]
[Source "ChessBase"]
[SourceQuality "1"]
[TimeControl "40/6300+30:1800+30"]

1. e4 c5 2. Nc3 d6 3. d4 cxd4 4. Qxd4 Nc6 5. Qd2 g6 6. b3 {[%emt 0:00:30] B23: Closed Sicilian: Lines without g3.} Bh6 7. f4 Nf6 8. Bb2 {[%emt 0:00:30] The position is equal.} O-O 9. O-O-O e5 10. g3 Re8 11. Bg2 exf4 {[%emt 0:00:30][%cal Of4f3] Strongly threatening ...f3!} 12. gxf4 {[%emt 0:00:30] Threatening h3.} Bg4 13. Rf1 a5 {[%emt 0:00:30][%cal Oa5a4] [#]} 14. h3 $146 ({Predecessor:} 14. a4 Rc8 15. Kb1 Nb4 16. h3 Bh5 17. Rf2 Qb6 18. Qe1 Bg7 19. Nge2 Nxe4 20. Bxe4 Rxe4 21. Nxe4 Bxb2 {½-½ (55) Klenburg,M (2346)-Tscheuschner,G (2150) Berlin 2022}) 14... Bh5 15. a4 Nb4 16. Nf3 (16. Kb1 $15) 16... d5 $17 ({Of course not} 16... Nxe4 $6 17. Nxe4 Rxe4 18. Nd4 $11) 17. e5 (17. exd5 $17 Nfxd5 18. Nxd5 Qxd5 19. Qd4 Qxd4 20. Nxd4) 17... Bxf3 (17... Ne4 $19 18. Nxe4 dxe4 19. Qxd8 Raxd8) 18. Bxf3 Rxe5 {[%emt 0:00:30] And now ...Rf5 would win.} 19. Nxd5 $2 {[%emt 0:00:30] Now White is beyond hope.} Rxd5 $19 20. Bxd5 Nfxd5 {[%emt 0:00:30] Pair of Knights!} ({Not} 20... Nbxd5 $2 21. Kb1 $19) 21. Qd4 f6 22. Kb1 Qc8 23. Rh2 Qf5 {[%emt 0:00:30] aiming for ...Re8.} 24. Ka1 Rc8 ({Avoid the trap} 24... Bxf4 $2 25. Rxf4 Nxf4 26. Qxf6 Qxf6 27. Bxf6 $19) 25. c4 (25. c3 {only move.} Nc6 26. Qc4) 25... Bxf4 {[%emt 0:00:30] Black is clearly winning.} 26. Rhf2 {[%emt 0:00:30] [#]} Qxh3 $1 27. Qd1 (27. Rf3 Nc2+) 27... Ne3 28. Qe2 {[%emt 0:00:30] [#]} Re8 $1 {[%emt 0:00:30] Weighted Error Value: White=0.74/Black=0.18 (very precise)} 0-1

[Event "101st Irish Championship 2022"]
[Site "Dublin"]
[Date "2022.07.05"]
[Round "4.2"]
[White "Baburin, Alexander"]
[Black "O`Gorman, Tom"]
[Result "1/2-1/2"]
[ECO "D37"]
[WhiteElo "2400"]
[BlackElo "2401"]
[Annotator "TA"]
[PlyCount "76"]
[EventDate "2022.07.05"]
[EventType "swiss"]
[EventCountry "IRL"]
[SourceTitle "playchess.com"]
[Source "ChessBase"]
[SourceQuality "1"]
[TimeControl "40/6300+30:1800+30"]

1. d4 d5 2. c4 e6 3. Nf3 a6 4. e3 Nf6 5. Nc3 Be7 6. a3 O-O 7. c5 {[%emt 0:02:56] D37: Queen's Gambit Declined: 5 Bf4.} Nbd7 8. b4 c6 9. Bb2 Qc7 {[%emt 0:03:54] [#]} 10. Be2 $146 ({Predecessor:} 10. Ne2 b6 11. Ng3 bxc5 12. bxc5 Rb8 13. Bc3 e5 14. Nxe5 Nxe5 15. dxe5 Nd7 16. Bd3 Nxe5 17. Bxh7+ Kxh7 {0-1 (43) Velichko,A (2219)-Murtazin,B (2362) Samara 2016}) 10... e5 11. O-O e4 12. Nd2 Ne8 13. a4 f5 14. b5 f4 15. exf4 Qxf4 16. bxc6 bxc6 17. Bc1 {[%emt 0:00:19][%cal Od2e4] Ndxe4! is the strong threat.} Qf6 18. Nb3 Nxc5 19. Nxd5 cxd5 20. dxc5 Nc7 21. Be3 Rb8 22. Rc1 $1 Rd8 23. Nd4 Rb4 ({Black should try} 23... Rb2) 24. a5 Bd7 (24... Rb2 $142) 25. c6 $16 Be8 26. Qd2 h6 (26... Rdb8 $142) 27. Rb1 (27. f3 $16) 27... Rdb8 $1 $11 ({Much less strong is} 27... Rxb1 28. Rxb1 Bd6 29. Rb6 $16) 28. Qc2 Bd6 {[%emt 0:01:40] [#] White must now prevent ...Be5.} 29. Rxb4 Rxb4 30. Rd1 Be5 31. Qc5 Qd6 (31... Bd6 $11 32. Qa7 {[#]} Bh5 $1) 32. Qxd6 $14 Bxd6 33. Nf5 Be5 34. Ne7+ Kf7 35. Nxd5 {[%emt 0:00:23] 0x0.000bd133ae4fdp-1022s more active pieces.} Nxd5 36. Rxd5 Rb1+ 37. Rd1 ({Better is} 37. Bf1 $16 Bc7 38. Rc5) 37... Rxd1+ $11 38. Bxd1 {[%emt 0:00:04] Threatens to win with Bh5+.} Bxc6 {[%emt 0:00:05] Weighted Error Value: White=0.16 (very precise) /Black=0.14 (very precise)} 1/2-1/2

[Event "101st Irish Championship 2022"]
[Site "Dublin"]
[Date "2022.07.05"]
[Round "4.4"]
[White "O`Donnell, Conor"]
[Black "Mats, Diana"]
[Result "1-0"]
[ECO "B36"]
[WhiteElo "2269"]
[BlackElo "2028"]
[Annotator "TA"]
[PlyCount "81"]
[EventDate "2022.07.05"]
[EventType "swiss"]
[EventCountry "IRL"]
[SourceTitle "playchess.com"]
[Source "ChessBase"]
[SourceQuality "1"]
[TimeControl "40/6300+30:1800+30"]

1. e4 c5 2. Nf3 Nc6 3. d4 cxd4 4. Nxd4 g6 5. c4 Bg7 6. Be3 Nf6 7. Nc3 Nxd4 8. Qxd4 d6 9. Be2 O-O 10. Qd2 Be6 11. O-O Rc8 12. b3 Nd7 13. Rac1 Nc5 14. f3 a5 15. Kh1 {[%emt 0:18:55] [#] B36: Sicilian: Maroczy Bind: Gurgenidze System.} f5 $146 ({Predecessor:} 15... Qb6 16. Rfd1 Qb4 17. Bf1 Ra8 18. Qe1 a4 19. Nd5 Qxe1 20. Nxe7+ Kh8 21. Rxe1 axb3 22. axb3 Nxb3 {½-½ (40) Koyias,K (2280)-Sideris,T (2050) Athens 1997}) 16. exf5 gxf5 17. Rfe1 {[%emt 0:05:51] White is better.} Qe8 18. Bf1 {[%emt 0:10:46] Threatens to win with Bxc5.} Qf7 19. Ne2 Bd7 20. Nf4 a4 21. b4 Ne6 22. c5 {[%emt 0:07:09] Hoping for Bc4.} Nxf4 23. Bxf4 e5 {[%emt 0:00:54] [#]} 24. Bh6 ({White should play} 24. cxd6 $1 Rxc1 25. Qxc1) 24... dxc5 $16 {[%emt 0:06:51] [#]} 25. Bc4 $1 Be6 26. Bxg7 Kxg7 27. Bxe6 Qxe6 28. bxc5 Rfe8 29. Qb2 Kg8 30. Qxb7 Rb8 31. Qa7 {[%emt 0:02:10] 0x0.0017657d9737dp-1022s more active pieces.} Qxa2 32. c6 Ra8 33. Qc5 Qe6 (33... a3 $16) 34. f4 $1 $18 e4 35. Re3 {[%emt 0:00:11] aiming for Rg3+.} Kf7 $2 (35... Qf6 36. c7 Kh8) 36. Rh3 (36. Rb1 $142) 36... h6 $2 (36... a3 {was called for.} 37. Rxh7+ (37. Rxa3 Rxa3 38. Qxa3 e3 $16) 37... Kg6) 37. c7 $2 (37. Rg3 {Strongly threatening Rb1.} Red8 38. Qc3) 37... e3 $2 (37... a3 38. Rxa3 Rxa3 39. Qxa3 e3) 38. Re1 e2 39. Rd3 {[%emt 0:01:18] Dancing on a razor blade.} (39. Rg3 $18 {[%cal Oe1e2] Intending Rxe2! and mate.} a3 40. Qd4) 39... Re7 $2 (39... a3 $16 40. Rd6 (40. Rxa3 Rxa3 41. Qxa3 Qc4 $16) 40... Qxd6 41. Qxd6 a2 42. Qd7+ Kg6) 40. Rd5 Kg8 41. Re5 {[%emt 0:01:39] Weighted Error Value: White=0.51/Black=0.88} 1-0